 Dungeon Crawl Stone Soup version 0.22-a0-351-g29664b4 (webtiles) character file.

102 scanevaro the Cudgeler (level 4, 0/44 HPs)
             Began as a Troll Fighter on Apr 14, 2018.
             Slain by an orc wizard
             ... wielding a +0 dagger
              (5 damage)
             ... on level 2 of the Dungeon.
             The game lasted 00:06:17 (1651 turns).

scanevaro the Cudgeler (Troll Fighter)              Turns: 1651, Time: 00:06:17

Health: 0/44       AC:  3    Str: 25    XL:     4   Next: 49%
Magic:  3/3        EV:  8    Int:  4    God:
Gold:   100        SH:  8    Dex:  9    Spells: 3/3 levels left

rFire    . . .     SeeInvis .   a - +1 flail
rCold    . . .     Gourm    +   c - +0 shield
rNeg     . . .     Faith    .   e - +0 robe (curse)
rPois    .         Spirit   .   (helmet restricted)
rElec    .         Reflect  .   (no cloak)
rCorr    .         Harm     .   (gloves unavailable)
MR       .....                  (boots unavailable)
Stlth    +.........             (no amulet)
HPRegen  0.54/turn              i - -2 ring of protection
MPRegen  0.08/turn              (no ring)

@: no status effects
A: large, unfitting armour, claws 3, fast metabolism 3, gourmand, regeneration
1, shaggy fur 1, tough skin 2
a: no special abilities


You were on level 2 of the Dungeon.
You were very full.

You visited 1 branch of the dungeon, and saw 3 of its levels.

You collected 100 gold pieces.

Inventory:

Hand Weapons
 a - a +1 flail (weapon)
Armour
 b - a +0 robe
 c - a +0 shield (worn)
 e - a cursed +0 robe (worn)
Jewellery
 i - a -2 ring of protection (left claw)
Scrolls
 h - a scroll of identify
 j - a scroll of teleportation
Potions
 d - a potion of might
 n - 3 potions of flight
Comestibles
 f - 2 rations
 g - a chunk of flesh


   Skills:
 + Level 2.9 Fighting
 + Level 3.3 Maces & Flails
 + Level 3.1 Dodging
 - Level 2.4 Shields


You had 3 spell levels left.
You didn't know any spells.

Dungeon Overview and Level Annotations

Branches:
Dungeon (3/15)

Altars:
Ashenzari
Sif Muna


Innate Abilities, Weirdness & Mutations

You are too large for most types of armour.
You have claws for hands.
Your metabolism is lightning-fast.
You like to eat raw meat.
Your natural rate of healing is unusually fast.
You are covered in fur. (AC +1)
You have very tough skin. (AC +2)


Message History

You are too injured to fight recklessly!
The orc hits you with a falchion.
* * * LOW HITPOINT WARNING * * *
The orc hits you but does no damage. You block the dart slug's attack.
You climb upwards.
There is a stone staircase leading down here.
You hit the dart slug.
The dart slug is heavily wounded.
Something hits you.
* * * LOW HITPOINT WARNING * * *
Deactivating autopickup; reactivate with Ctrl-A.
The orc closely misses you. The dart slug bites you.
* * * LOW HITPOINT WARNING * * *
You thump the dart slug!
You kill the dart slug!
Something hits you.
* * * LOW HITPOINT WARNING * * *
You block the orc's attack. Something hits you but does no damage.
Something hits you.
You die...

..............####.####....#...#.
#############..# #.####....#.....
#.....# #.........#.#...
#.....####........#.#<.. #......#
#........#.#### #......#
#........#.....
#.....o###...(..........
#......o##......#####.##
#######@##......# #...
#.##......# ###.## #.##......#
#..... #....####.###..... ######
#......_.. ###.#..... #.#.....
#.###.## #.....#


You could see 2 orcs.

Vanquished Creatures
  3 adders (D:2)
  3 worms (D:2)
  2 dart slugs
  2 leopard geckos (D:1)
  3 bats
  6 giant cockroaches
  3 goblins (D:1)
  10 hobgoblins
  5 jackals
  2 quokkas (D:2)
  2 ball pythons
  3 frilled lizards
  8 kobolds
  6 rats
58 creatures vanquished.

Notes
Turn   | Place    | Note
-------+----------+-------------------------------------------
     0 | D:1      | scanevaro the Troll Fighter began the quest for the Orb.
     0 | D:1      | Reached XP level 1. HP: 22/22 MP: 0/0
   169 | D:1      | Reached XP level 2. HP: 25/29 MP: 1/1
   238 | D:1      | Found a shattered altar of Ashenzari.
   574 | D:1      | Reached XP level 3. HP: 33/36 MP: 2/2
  1197 | D:2      | Found a faded altar of an unknown god.
  1292 | D:2      | Reached XP level 4. HP: 44/44 MP: 3/3
  1341 | D:2      | Found a deep blue altar of Sif Muna.
  1645 | D:3      | Noticed a phantom
  1651 | D:2      | Slain by an orc wizard

Vault maps used:
D:1:      dpeg_arrival_water_fire, evilmike_ruin_ashenzari
D:2:      wad_river_or_something, nicolae_overflow_crystal_walls,
          chequers_ecumenical_altar_simple
D:3:      uniq_sigmund

Skill      XL: |  1  2  3  4 |
---------------+-------------+-----
Maces & Flails | 2 3 |  3.3
Dodging        | 3 |  3.1
Fighting       | |  2.9
Shields        | |  2.4

Action                   |  1- 3 |  4- 6 || total
-------------------------+-------+-------++-------
Melee: Flail             |   149 |    41 ||   190
  Use: Scroll            |     6 |       ||     6
       Potion            |     1 |       ||     1
 Stab: Sleeping          |     1 |       ||     1
  Eat: Chunk             |    18 |     3 ||    21
Armor: Robe              |    49 |    15 ||    64
Dodge: Dodged            |    45 |     8 ||    53
Block: Shield            |    71 |    20 ||    91

Table legend:
 A = Spawn XP
 B = Non-spawn XP
 C = Spawn XP percentage of total XP
 D = Spawn monster count
 E = Non-spawn monster count
 F = Spawn count percentage of total count
 G = Total turns spent on level
                    A         B        C        D         E        F      G
               +---------+---------+-------+---------+---------+-------+---------
         Total |       0 |     146 |   0.0 |       0 |      58 |   0.0 |  1651
               +---------+---------+-------+---------+---------+-------+---------
           D:1 |       0 |      47 |   0.0 |       0 |      26 |   0.0 |  1000
           D:2 |       0 |      97 |   0.0 |       0 |      31 |   0.0 |   643
           D:3 |       0 |       2 |   0.0 |       0 |       1 |   0.0 |     8
               +---------+---------+-------+---------+---------+-------+---------
